 Dungeon Crawl Stone Soup version 0.28.0 (webtiles) character file.

Game seed: 12360215540934540396

60 horus123 the Sneak (level 3, -7/19 HPs)
             Began as a Deep Elf Enchanter on Feb 12, 2022.
             Mangled by an iguana (9 damage)
             ... on level 3 of the Dungeon.
             The game lasted 00:06:22 (3354 turns).

horus123 the Sneak (Deep Elf Enchanter)             Turns: 3354, Time: 00:06:24

Health: -7/19      AC:  2    Str:  5    XL:     3   Next: 80%
Magic:  8/10       EV: 12    Int: 21    God:
Gold:   67         SH:  0    Dex: 15    Spells: 5/10 levels left

rFire   . . .      SeeInvis .   l - +0 short sword
rCold   + . .      Faith    .   (no shield)
rNeg    + . .      Spirit   .   b - +0 robe
rPois   .          Reflect  .   (no helmet)
rElec   .          Harm     .   (no cloak)
rCorr   .          Rampage  .   (no gloves)
Will    .....                   (no boots)
Stlth   +++.......              (no amulet)
HPRegen 0.06/turn               k - ring of protection from cold
MPRegen 0.12/turn               d - ring of positive energy

@: no status effects
A: no striking features
a: no special abilities


You were on level 3 of the Dungeon.
You visited 1 branch of the dungeon, and saw 3 of its levels.

You collected 67 gold pieces.

Inventory:

Hand Weapons
 a - a +1 dagger
 l - a +0 short sword (weapon)
Missiles
 p - 16 arrows
Armour
 b - a +0 robe (worn)
Jewellery
 d - a ring of positive energy (right hand)
 k - a ring of protection from cold (left hand)
Scrolls
 e - a scroll of teleportation
 h - a scroll of blinking
 j - a scroll of amnesia
 m - a scroll of enchant armour {unknown}
Potions
 c - a potion of invisibility
 f - 2 potions of haste
 g - a potion of flight
 i - a potion of curing {unknown}
 n - a potion of cancellation {unknown}
 o - a potion of degeneration {unknown}


   Skills:
 - Level 1.0 Short Blades
 - Level 2.4 Dodging
 - Level 5.0 Stealth
 - Level 4.0 Spellcasting
 + Level 4.6 Hexes


You had 5 spell levels left.
You knew the following spells:

 Your Spells              Type           Power      Damage    Failure   Level
a - Ensorcelled Hibernat  Hex/Ice        26%        N/A       7%          2
b - Tukima's Dance        Hex            23%        N/A       5%          3

Your spell library contained the following spells:

 Spells                   Type           Power      Damage    Failure   Level
 Confusing Touch          Hex            23%        N/A       5%          3
 Dazzling Flash           Conj/Hex       26%        N/A       14%         3


Dungeon Overview and Level Annotations

Branches:
Dungeon (3/15)

Altars:

Shops:
D:1 ?

Annotations:
D:3 Natasha


Message History

The adder bites you.
You are poisoned.
The adder poisons you!
You feel sick.
You feel sick.
You feel sick.
You feel sick. The adder misses you.
The adder looks drowsy...
You feel sick.
You are no longer poisoned.
The helpless adder fails to defend itself.
You puncture the adder!
You kill the adder!
You start resting.
Magic restored.
You start resting.
An iguana is nearby!
The iguana hisses angrily.
The iguana looks drowsy...
Natasha, Servant of Life and Death comes into view.
The helpless iguana fails to defend itself.
You puncture the iguana!
The iguana is almost dead.
The iguana bites you.
You completely miss the iguana.
The iguana is almost dead.
The iguana misses you.
You hit the iguana.
The iguana is almost dead.
The iguana barely misses you.
You hit the iguana but do no damage. You punch the iguana, but do no damage.
The iguana is almost dead.
Natasha hisses angrily.
The iguana hisses menacingly.
The iguana bites you!
Ouch! That really hurt!
* * * LOW HITPOINT WARNING * * *
You hit the iguana but do no damage.
The iguana is almost dead.
The iguana bites you!
You die...

#.######.##....#
#...# #..# ...
###.## #...? .
#..# #.#...
##.###.##....
#..##.# .##.
##.##.## #
#.##..# #.@l#
###.....# ##...#
.... .h. #.


You could see an iguana and Natasha.

Vanquished Creatures
  2 adders
  A worm (D:3)
  2 dart slugs (D:2)
  A bat (D:1)
  5 endoplasms
  A giant cockroach (D:1)
  4 goblins
  2 hobgoblins
  2 quokkas (D:1)
  4 ball pythons (D:1)
  3 frilled lizards (D:1)
  5 kobolds
  3 rats (D:1)
35 creatures vanquished.

Notes
Turn   | Place    | Note
-------+----------+-------------------------------------------
     0 | D:1      | horus123 the Deep Elf Enchanter began the quest for the
                  | Orb.
     0 | D:1      | Reached XP level 1. HP: 10/10 MP: 6/6
   860 | D:1      | Reached XP level 2. HP: 15/15 MP: 9/9
   863 | D:1      | Learned a level 2 spell: Ensorcelled Hibernation
  1260 | D:1      | Reached skill level 4 in Stealth
  1453 | D:1      | Found Wumme's Magic Scroll Shoppe.
  1964 | D:2      | Reached XP level 3. HP: 16/19 MP: 7/10
  1975 | D:2      | Learned a level 3 spell: Tukima's Dance
  2330 | D:2      | Reached skill level 5 in Stealth
  3349 | D:3      | Noticed Natasha
  3354 | D:3      | Mangled by an iguana

Illustrated notes

Levels and vault maps discovered:
D:1:      scummos_arrival_hexagon, layout_basic, serial_shops, shop, st_stairs_4
D:2:      layout_basic
D:3:      layout_rooms, gammafunk_ghost_nasty_kobolds, st_stairs_12,
          kennysheep_generic_room_8, uniq_jessica, uniq_natasha, uniq_terence

Skill      XL: |  1  2  3 |
---------------+----------+-----
Spellcasting   | 4 |  4.0
Stealth        | 4 5 |  5.0
Short Blades   | |  1.0
Dodging        | |  2.4
Hexes          | |  4.6

Action                   || total
-------------------------++-------
Melee: Dagger            ||    62
       Punch             ||     3
       Short sword       ||    21
 Cast: Ensorcelled Hiber ||    34
  Use: Scroll            ||     5
 Stab: Sleeping          ||    25
       Distracted        ||     1
Armor: Robe              ||     4
Dodge: Dodged            ||    44
